 Dungeon Sprint DCSS version 0.30-a0-840-ga523dec638 (webtiles) character file.

Game seed: 14418820083571496228

1680 dialectric the Basher (level 9, -11/64 HPs)
             Began as a Gargoyle Fighter on Mar 1, 2023.
             Was a Believer of Trog.
             Shot with a bolt by a yaktaur captain (30 damage)
             ... in the Dungeon (Sprint II: "The Violet Keep of Menkaure").
             The game lasted 00:04:18 (785 turns).

dialectric the Basher (Gargoyle Fighter)             Turns: 785, Time: 00:04:19

Health: -11/64     AC: 20    Str: 23    XL:     9   Next: 2%
Magic:  9/9        EV:  8    Int: 10    God:    Trog [**....]
Gold:   263        SH:  0    Dex: 11    Spells: 8/8 levels left

rFire   . . .      SeeInvis +    b - +2 battleaxe of the Wilderness {speed, rElec rPois Int+2 SInv}
rCold   . . .      Faith    .    (shield currently unavailable)
rNeg    + . .      Spirit   .    q - +0 chain mail
rPois   ∞          Reflect  .    p - +0 helmet
rElec   +          Harm     .    (no cloak)
rCorr   .          Rampage  .    (no gloves)
Will    .....      NoTele   +    n - +0 pair of boots Stlth
                                 (no amulet)
HPRegen 0.30/turn                (no ring)
MPRegen 0.11/turn                (no ring)

@: very slow
A: sickness immunity, AC +6, negative energy resistance 1, electricity
resistance, torment resistance 1, petrification resistance
a: Renounce Religion, Berserk, Trog's Hand


You were in the Dungeon.
You worshipped Trog.
Trog was pleased with you.
You visited 1 branch You collected 1184 gold pieces.
You spent 921 gold pieces at shops.

Inventory:

Hand Weapons
 a - a +0 flail
 b - the +2 battleaxe of the Wilderness (weapon) {speed, rElec rPois Int+2 SInv}
   (You bought it in a shop in the Dungeon)

   Int:       It affects your intelligence (+2).
   rElec:     It insulates you from electricity.
   rPois:     It protects you from poison.
   SInv:      It lets you see invisible.
Missiles
 m - 3 silver javelins (quivered)
Armour
 c - a +0 buckler
 n - a +0 pair of boots (worn)
 p - a +0 helmet (worn)
 q - a +0 chain mail (worn)
Scrolls
 d - 2 scrolls of immolation {unknown}
 e - 3 scrolls of enchant armour {unknown}
 f - 3 scrolls of identify {unknown}
 g - a scroll of blinking
 k - a scroll of fear {unknown}
 l - 6 scrolls of amnesia {unknown}
 s - a scroll of enchant weapon {unknown}
 v - 2 scrolls of magic mapping {unknown}
Potions
 h - 5 potions of magic
 i - a potion of berserk rage
 j - 4 potions of flight {unknown}
 o - 3 potions of resistance {unknown}
 r - 2 potions of heal wounds
 t - a potion of invisibility {unknown}
 u - a potion of ambrosia {unknown}


   Skills:
 + Level 11.4 Fighting
 * Level 13.9 Maces & Flails
 + Level 9.7 Armour
 - Level 1.0 Dodging
 + Level 0.3 Stealth
 - Level 6.1 Shields


You had 8 spell levels left.
You didn't know any spells.
Your spell library was empty.

Dungeon Overview and Level Annotations

Branches:
Dungeon (1/1)

Altars:
Cheibriados
Dithmenos
Elyvilon
Fedhas
Gozag
Hepliaklqana
Kikubaaqudgha
Makhleb
Nemelex Xobeh
Okawaru
Qazlal
Ru
Sif Muna
Trog
Uskayaw
Vehumet
Wu Jian
Xom
Yredelemnul
Zin
The Shining One
Jiyva
Lugonu

Shops:
D !:?[!:(==(=[:!(

Annotations:
D exclusions: ice statue and oklob plant, Kirke


Innate Abilities, Weirdness & Mutations

You are immune to sickness and miasma.
Your stone body is resilient. (AC +6)
You are immune to poison.
You resist negative energy. (rN+)
You are resistant to electric shocks. (rElec)
You are resistant to unholy torment.
You are immune to petrification.


Message History

The hell rat closely misses you.
There is an open door here.
You closely miss the hell rat.
The hell rat is almost dead.
The hell rat closely misses you.
You slash the hell rat!
You kill the hell rat!
Trog accepts your kill.
You can now call upon Trog for regeneration and willpower.
There is an open door here.
You see here a hell rat corpse.
You enter the shallow water.
Moving in this stuff is going to be slow.
There is an open door here.
You start resting.
The walls and floor vibrate strangely for a moment.
You start resting.
HP restored.
You start waiting.
There is an open door here.
You enter the shallow water.
Moving in this stuff is going to be slow.
An elephant, a centaur warrior, Kirke, a kobold demonologist, a skeletal warrior and a yaktaur captain come into view.
The skeletal warrior is wielding a +1 short sword of protection.
Found 81 gold pieces.
The kobold demonologist shouts!
The yaktaur captain shouts!
The kobold demonologist mumbles some strange words.
A spectral ball python comes into view.
Your unstable footing causes you to fumble your attack.
The yaktaur captain hits you.
Okay, then.
The yaktaur captain attacks as you move away!
The yaktaur captain hits you but does no damage.
The yaktaur captain wields a +2 arbalest of freezing.
It is covered in frost.
The yaktaur captain shoots a bolt.
The bolt hits you!!
Ouch! That really hurt!
The bolt freezes you!
* * * LOW HITPOINT WARNING * * *
The yaktaur captain shoots a bolt.
The bolt hits you!!
You die...

+#### ≈≈≈≈≈≈≈## ≈≈○≈≈≈≈##
### ≈≈8≈≈°≈≈# #5cK####
≈≈≈°≈≈ #YZ@z.~## ≈≈≈≈
############c~#+++#+++##
###########~~~.........#
##.......∩#@~~~.##'##..#
##......∩.#~~~~###.###.####
##.∩...∩.∩#~~~~#..#..# ...#
##∩.∩.∩.∩[#~~####.#.####..##
##.∩.∩.∩..#~##.###'###.##..#
##..∩.∩...#~#...##.##.).#..#
##...⌠....÷~'.##'.<.+.#.+.h#
##........#~###.##†##...#...
#▓▓▓▓▓▓▓###~##.###'###.##..h


You could see a yaktaur captain.

Vanquished Creatures
  A merfolk siren (D)
  A yaktaur (D)
  2 polar bears (D)
  2 wyverns (D)
  Menkaure (D)
  A water moccasin (D)
  4 scorpions (D)
  A hell rat (D)
  3 worms (D)
16 creatures vanquished.

Vanquished Creatures (others)
  4 tentacles (D)
4 creatures vanquished.

Grand Total: 20 creatures vanquished

Notes
Turn   | Place    | Note
-------+----------+-------------------------------------------
     0 | D        | dialectric the Gargoyle Fighter began the quest for the
                  | Orb.
     0 | D        | Reached XP level 1. HP: 14/14 MP: 1/1
    19 | D        | Reached skill level 1 in Dodging
    19 | D        | Reached XP level 2. HP: 8/20 MP: 2/2
    32 | D        | Noticed a scorpion
    32 | D        | Noticed a scorpion
    32 | D        | Noticed a scorpion
    32 | D        | Noticed a scorpion
    35 | D        | Killed a scorpion
    36 | D        | Reached skill level 5 in Fighting
    36 | D        | Reached skill level 3 in Maces & Flails
    36 | D        | Reached skill level 5 in Armour
    36 | D        | Reached skill level 5 in Shields
    36 | D        | Reached XP level 3. HP: 16/26 MP: 3/3
    36 | D        | Reached XP level 4. HP: 20/31 MP: 4/4
    39 | D        | Killed a scorpion
    40 | D        | Reached skill level 4 in Maces & Flails
    40 | D        | Reached XP level 5. HP: 18/37 MP: 5/5
    47 | D        | Reached skill level 6 in Maces & Flails
    49 | D        | Reached skill level 7 in Maces & Flails
    49 | D        | Reached XP level 6. HP: 14/44 MP: 6/6
    54 | D        | Noticed an ice statue
    56 | D        | Noticed Menkaure
    60 | D        | Killed Menkaure
    61 | D        | Reached skill level 8 in Maces & Flails
    69 | D        | Noticed a merfolk siren
    79 | D        | Killed a merfolk siren
    80 | D        | Reached skill level 10 in Maces & Flails
    80 | D        | Reached XP level 7. HP: 42/52 MP: 7/7
    87 | D        | Found a blossoming altar of Fedhas.
    88 | D        | Found an opulent altar of Gozag.
    89 | D        | Found a white marble altar of Elyvilon.
    89 | D        | Found a burning altar of Makhleb.
    89 | D        | Found a sparkling altar of Nemelex Xobeh.
    96 | D        | Reached skill level 10 in Fighting
    96 | D        | Reached skill level 11 in Maces & Flails
    96 | D        | Found a shadowy altar of Dithmenos.
    96 | D        | Found a corrupted altar of Lugonu.
    96 | D        | Found a hide-covered altar of Uskayaw.
    97 | D        | Found a snail-covered altar of Cheibriados.
    97 | D        | Found an ancient bone altar of Kikubaaqudgha.
    97 | D        | Found a bloodstained altar of Trog.
    98 | D        | Found a viscous altar of Jiyva.
    98 | D        | Found a shimmering blue altar of Sif Muna.
    98 | D        | Found a basalt altar of Yredelemnul.
    99 | D        | Found a hazy altar of Hepliaklqana.
    99 | D        | Found a sacrificial altar of Ru.
   100 | D        | Found a shimmering altar of Xom.
   101 | D        | Found a stormy altar of Qazlal.
   101 | D        | Found an ornate altar of the Wu Jian Council.
   101 | D        | Found a glowing golden altar of the Shining One.
   102 | D        | Found a radiant altar of Vehumet.
   102 | D        | Found an iron altar of Okawaru.
   102 | D        | Found a glowing silver altar of Zin.
   108 | D        | Became a worshipper of Trog the Wrathful
   120 | D        | Noticed a kraken
   265 | D        | Noticed a yaktaur
   265 | D        | Noticed a hornet
   265 | D        | Noticed a polar bear
   265 | D        | Noticed a polar bear
   266 | D        | Noticed a polar bear
   283 | D        | Noticed a wyvern
   283 | D        | Noticed a wyvern
   287 | D        | Killed a wyvern
   288 | D        | Reached XP level 8. HP: 39/58 MP: 8/8
   295 | D        | Killed a wyvern
   296 | D        | Reached skill level 12 in Maces & Flails
   305 | D        | Killed a polar bear
   305 | D        | Reached * piety under Trog
   310 | D        | Killed a polar bear
   311 | D        | Reached skill level 13 in Maces & Flails
   314 | D        | Killed a yaktaur
   315 | D        | Reached XP level 9. HP: 32/64 MP: 9/9
   329 | D        | Found Jinaril's Jewellery Emporium.
   329 | D        | Found Macuud's Jewellery Emporium.
   329 | D        | Found Saucem's Book Emporium.
   329 | D        | Found Koudym's Jewellery Shoppe.
   329 | D        | Found Umo Qiag's Weapon Shoppe.
   330 | D        | Found Quilum's Antique Weapon Shoppe.
   330 | D        | Found Wugaaf's Antique Weapon Emporium.
   330 | D        | Found Olilos's Antique Armour Shoppe.
   330 | D        | Found Feniuron's Distillery.
   331 | D        | Found Roonkomiu's Book Shoppe.
   331 | D        | Found Mappufuw's Distillery.
   333 | D        | Found Surhoc's Antique Armour Emporium.
   333 | D        | Found Ighiaf's Magic Scroll Shoppe.
   333 | D        | Noticed an oklob plant
   334 | D        | Found Gireg's Distillery.
   334 | D        | Found Fail's Book Shoppe.
   458 | D        | Bought a scroll of blinking for 82 gold pieces
   461 | D        | Noticed a death yak
   473 | D        | Bought a potion of heal wounds for 55 gold pieces
   473 | D        | Bought a potion of heal wounds for 55 gold pieces
   501 | D        | Bought the +2 battleaxe of the Wilderness {speed, rElec
                  | rPois Int+2 SInv} for 729 gold pieces
   544 | D        | Reached ** piety under Trog
   782 | D        | Noticed an elephant
   782 | D        | Noticed a centaur warrior
   782 | D        | Noticed Kirke
   782 | D        | Noticed a kobold demonologist
   782 | D        | Noticed a skeletal warrior
   782 | D        | Noticed a yaktaur captain
   785 | D        | Shot with a bolt by a yaktaur captain

Illustrated notes

Levels and vault maps discovered:
D:        the_violet_keep_of_menkaure [sprint2_stairs_cluster_1,
          sprint2_shoproom, sprint2_temple, sprint2_basic_supplies,
          sprint2_obstacle_5, sprint2_obstacle_4, sprint2_obstacle_2,
          sprint2_obstacle_3, sprint2_obstacle_7, sprint2_timed_cluster_1,
          sprint2_smallroom_cluster_1, sprint2_smallroom_final_cluster_1,
          sprint2_transparent_cluster_1, sprint2_second_timed_cluster_1,
          sprint2_sniper_area_1, sprint2_heavy_combat_area_1,
          sprint2_mutation_trap_area_1, sprint2_forest_area_1,
          sprint2_light_combat_area_1, sprint2_behind_water_1,
          sprint2_near_end_vault_1]

Skill      XL: |  1  2  3  4  5  6  7  8 |
---------------+-------------------------+-----
Dodging        | 1 |  1.0
Fighting       | 5 6 7 9 10 11 | 11.4
Armour         | 5 6 7 8 9 |  9.7
Shields        | 5 6 |  6.1
Maces & Flails | 3 4 7 10 11 13 | 13.9
Stealth        | |  0.3

Action                     |  1- 3 |  4- 6 |  7- 9 || total
---------------------------+-------+-------+-------++-------
  Melee: Flail             |    18 |    25 |    33 ||    76
         Battleaxe         |       |       |    28 ||    28
    Use: Potion            |     2 |     1 |     3 ||     6
         Scroll            |       |       |     1 ||     1
 Armour: Scale mail        |     5 |     5 |    15 ||    25
         Chain mail        |       |       |    11 ||    11
  Dodge: Dodged            |     2 |     9 |    23 ||    34

Table legend: (Time is in decaauts)
 A = Elapsed time spent in this place.
 B = Non-inter-level travel time spent in this place.
 C = Inter-level travel time spent in this place.
 D = Time resting spent in this place.
 E = Time spent auto-exploring this place.
 F = Levels seen in this place.
 G = Mean time per level.
                   A        B        C        D        E       F      G
               +--------+--------+--------+--------+--------+-----+--------+
         Total |    797 |    797 |      0 |    226 |    114 |   1 |  797.0 |
       Dungeon |    797 |    797 |      0 |    226 |    114 |   1 |  797.0 |
               +--------+--------+--------+--------+--------+-----+--------+

Top non-repeatable levels by time:
       D: 797 daAuts
